 Dungeon Crawl Stone Soup version 0.19-a0-330-g034cfd4 (webtiles) character file.

35 Marenglen the Vexing (level 3, 32/32 HPs)
             Began as a Troll Arcane Marksman on May 28, 2016.
             Quit the game on level 2 of the Dungeon.
             The game lasted 00:02:32 (928 turns).

Marenglen the Vexing (Troll Arcane Marksman)         Turns: 928, Time: 00:02:33

Health: 32/32      AC:  5    Str: 19    XL:     3   Next: 16%
Magic:  3/3        EV: 10    Int:  9    God:
Gold:   70         SH:  0    Dex: 10    Spells: 2 memorised, 1 level left

rFire  . . .     SeeInvis .       - Unarmed
rCold  . . .     Gourm    +     a - +0 robe
rNeg   . . .     Faith    .     (no shield)
rPois  .         Spirit   .     (helmet restricted)
rElec  .         Dismiss  .     (no cloak)
rCorr  .         Reflect  .     (gloves unavailable)
SustAt .         Harm     .     (boots unavailable)
MR     .....                    (no amulet)
Stlth  +.........               (no ring)
                                (no ring)

@: not resistant to hostile enchantments, very unstealthy
A: unfitting armour, claws 3, fast metabolism 3, gourmand, regeneration 2,
shaggy fur 1, tough skin 2
a: no special abilities


You were on level 2 of the Dungeon.
You were completely stuffed.

You visited 1 branch of the dungeon, and saw 2 of its levels.

You collected 70 gold pieces.

Inventory:

Hand Weapons
 j - a +0 mace
Missiles
 c - 4 large rocks (quivered)
 d - 2 throwing nets
Armour
 a - a +0 robe (worn)
Scrolls
 e - a scroll of teleportation {unknown}
 h - 2 scrolls of amnesia {unknown}
 k - 2 scrolls of fear {unknown}
 l - a scroll of magic mapping {unknown}
 m - a scroll of identify {unknown}
Potions
 i - a potion of mutation {unknown}
 n - a potion of flight {unknown}
Books
 b - a book of Debilitation

   Spells                             Type                      Level
   a - Corona                         Hexes                        1
   b - Slow                           Hexes                        2
   c - Gell's Gravitas                Hexes/Translocation          3
   d - Inner Flame                    Hexes/Fire                   3
   e - Cause Fear                     Hexes                        4
   f - Leda's Liquefaction            Hexes/Earth                  4
Comestibles
 f - 3 bread rations
 g - 2 chunks of flesh
 o - a beef jerky


   Skills:
 - Level 0.7 Fighting
 + Level 1.3 Maces & Flails
 + Level 2.0 Throwing
 - Level 1.5 Dodging
 - Level 1.1 Unarmed Combat
 - Level 1.0 Spellcasting
 - Level 2.2 Hexes


You had one spell level left.
You knew the following spells:

 Your Spells              Type           Power        Failure   Level  Hunger
a - Corona                Hex            #......      14%         1    ##.....
b - Slow                  Hex            #.......     21%         2    ###....


Dungeon Overview and Level Annotations

Branches:
Dungeon (2/15)

Altars:

Annotations:
D:2 Robin


Innate Abilities, Weirdness & Mutations

You are too large for most types of armour.
You have claws for hands.
Your metabolism is lightning-fast.
You like to eat raw meat.
You heal very quickly.
You are covered in fur. (AC +1)
You have very tough skin. (AC +2)


Message History

You kill the goblin!
No target in view!
No target in view!
No target in view!
You see here a goblin corpse.
You butcher the goblin corpse.
g - 3 chunks of flesh You start resting.
Eating one of 3 chunks of flesh.
This raw flesh tastes great.
You continue eating. x2
HP restored.
Unknown command.
There is a stone staircase leading down here.
You climb downwards.
Level annotation: Robin
Found a leather armour.
There is a stone staircase leading up here.
You see here a leather armour.
A giant newt comes into view.
Are you sure you want to abandon this character and quit the game? (Confirm with "yes".)

#g ###
....g.g)
#..
....g###
#l# ####
#.# #.#
#.# #.##
#@.#
##.# #.#
#.# #.#
#.# #.#
#.# #.#


You could see a giant newt.

Vanquished Creatures
  2 dart slugs (D:1)
  3 bats (D:1)
  2 giant cockroaches (D:1)
  3 hobgoblins
  3 giant newts (D:1)
  8 goblins
  5 kobolds (D:1)
  4 rats (D:1)
30 creatures vanquished.

Notes
Turn   | Place    | Note
--------------------------------------------------------------
     0 | D:1      | Marenglen the Troll Arcane Marksman began the quest for the Orb.
     0 | D:1      | Reached XP level 1. HP: 18/18 MP: 1/1
    75 | D:1      | Reached skill level 1 in Unarmed Combat
    79 | D:1      | Reached XP level 2. HP: 24/26 MP: 2/2
   106 | D:1      | Noticed a troll
   151 | D:1      | Learned a level 2 spell: Slow
   628 | D:1      | Reached skill level 1 in Maces & Flails
   814 | D:2      | Reached XP level 3. HP: 30/32 MP: 0/3
   824 | D:2      | Noticed Robin
   928 | D:2      | Quit the game

Vault maps used:
D:1:      erik_arrival_cave_to_civilisation
D:2:      gammafunk_temple_overflow_statue, nemelex_xobeh_ov_fountains_minmay,
          uniq_robin

Skill      XL: |  1  2 |
---------------+-------+-----
Unarmed Combat | 1 |  1.1
Maces & Flails | 1 |  1.3
Throwing       | 2 |  2.0
Fighting       | |  0.7
Dodging        | |  1.5
Spellcasting   | |  1.0
Hexes          | |  2.2

Action                   || total
-------------------------++-------
Melee: Unarmed           ||    94
 Cast: Corona            ||     2
  Eat: Chunk             ||    14
Armor: Robe              ||    31
Dodge: Dodged            ||    36
